SA
PUT-IN-BAY BC @ WALLA WALLA WALLEYE
07/31/2022
 
TOP OF THE 1ST
Put-In-Bay BC batting - Pitching for Walla Walla Walleye : RHP Orlando Ángel
Pitching: RHP Orlando Ángel
Batting: RHB Barton Nagel 0-0: Ball
1-0: Ball
2-0: Called Strike
2-1: Foul Ball, location: 2F
2-2: Foul Ball, location: 2F
2-2: Foul Ball, location: 2F
2-2: Ball
3-2: Base on Balls
Batting: RHB Carlos Trujillo 0-0: Ball
1-0: Ball
Barton Nagel steals 2nd base
2-0: Foul Ball, location: 2F
2-1: Ground out 5-3 (Groundball, 56S)
Barton Nagel to third
Batting: RHB Ed Adams 0-0: Ball
1-0: SINGLE (Groundball, 34S)
Barton Nagel scores
Batting: RHB Preston Hernández 0-0: Called Strike
0-1: Called Strike
0-2: Foul Ball, location: 2F
0-2: Strikes out swinging
Batting: SHB Dylan Carson 0-0: Called Strike
Ed Adams is caught stealing 2nd base
Top of the 1st over - 1 run(s), 1 hit(s), 0 error(s), 0 left on base; Put-In-Bay 1 - Walla Walla 0
BOTTOM OF THE 1ST
Walla Walla Walleye batting - Pitching for Put-In-Bay BC : RHP Juan Montoya
Pitching: RHP Juan Montoya
Batting: LHB Ángel López 0-0: Ball
1-0: Ball
2-0: Ball
3-0: Fly out, F8 (Flyball, 8RD)
Batting: RHB Gaston Waller 0-0: Ball
1-0: Ball
2-0: Fly out, F9 (Flyball, 9LM)
Batting: RHB Mario Piña 0-0: Called Strike
0-1: Fly out, F9 (Flyball, 9M)
Bottom of the 1st over - 0 run(s), 0 hit(s), 0 error(s), 0 left on base; Put-In-Bay 1 - Walla Walla 0
TOP OF THE 2ND
Put-In-Bay BC batting - Pitching for Walla Walla Walleye : RHP Orlando Ángel
Batting: SHB Dylan Carson 0-0: Ball
1-0: SINGLE (Groundball, 34S)
Batting: RHB Eddie Davis 0-0: Grounds into double play, U6-3 (Groundball, 6M)
Batting: RHB Ron Johnston 0-0: Ball
1-0: Ball
2-0: Ball
3-0: Called Strike
3-1: Base on Balls
Batting: RHB Manuel Sánchez 0-0: Called Strike
0-1: Ball
1-1: Foul Ball, location: 2F
1-2: Fly out, F9 (Flyball, 9M)
Top of the 2nd over - 0 run(s), 1 hit(s), 0 error(s), 1 left on base; Put-In-Bay 1 - Walla Walla 0
BOTTOM OF THE 2ND
Walla Walla Walleye batting - Pitching for Put-In-Bay BC : RHP Juan Montoya
Batting: LHB Miguel Zúñiga 0-0: SINGLE (Line Drive, 4MD)
Batting: RHB Tomás Morán 0-0: Called Strike
0-1: Ball
1-1: Fly out, F6 (Popup, 4MD)
Batting: RHB Hieu De 0-0: Ball
1-0: Ball
2-0: Swinging Strike
2-1: Ball
3-1: Base on Balls
Miguel Zúñiga to second
Batting: RHB Jorge Arreola 0-0: Called Strike
0-1: Ball
1-1: SINGLE (Groundball, 34D)
Miguel Zúñiga to third
Hieu De to second
Runner from 3rd tries for Home, SAFE, no throw or cutoff
Batting: RHB Warren Willis 0-0: Called Strike
0-1: Ball
1-1: Reached on error, E5 (Groundball, 5S)
Hieu De to third
Jorge Arreola to second
Batting: RHB Fernando Gonzáles 0-0: SINGLE (Flyball, 7S)
Hieu De scores
Jorge Arreola to third
Warren Willis to second
Runner from 3rd tries for Home, SAFE, no throw or cutoff
Batting: LHB Ángel López 0-0: Ball
Warren Willis is caught stealing 3rd base
Fernando Gonzáles to second
1-0: Swinging Strike
1-1: Foul Ball, location: 2F
1-2: Ball
2-2: Ball
3-2: Foul Ball, location: 2F
3-2: SINGLE (Groundball, 34)
Fernando Gonzáles to third
Fernando Gonzáles scores
Batting: RHB Gaston Waller 0-0: Ball
Wild Pitch!
Ángel López to second
1-0: Ground out 4-3 (Groundball, 4S)
Bottom of the 2nd over - 4 run(s), 4 hit(s), 1 error(s), 1 left on base; Put-In-Bay 1 - Walla Walla 4
TOP OF THE 3RD
Put-In-Bay BC batting - Pitching for Walla Walla Walleye : RHP Orlando Ángel
Batting: LHB Dale Miller 0-0: Ground out 4-3 (Groundball, 4M)
Batting: RHB Barton Nagel 0-0: Ball
1-0: Called Strike
1-1: Foul Ball, location: 2F
1-2: Foul Ball, location: 2F
1-2: Strikes out swinging
Batting: RHB Carlos Trujillo 0-0: Called Strike
0-1: Foul Ball, location: 2F
0-2: Ball
1-2: Ground out 2-3 (Groundball, 23)
Top of the 3rd over - 0 run(s), 0 hit(s), 0 error(s), 0 left on base; Put-In-Bay 1 - Walla Walla 4
BOTTOM OF THE 3RD
Walla Walla Walleye batting - Pitching for Put-In-Bay BC : RHP Juan Montoya
Batting: RHB Mario Piña 0-0: Fly out, F7 (Flyball, 78S)
Batting: LHB Miguel Zúñiga 0-0: Foul Ball, location: 2F
0-1: SINGLE (Line Drive, 78M)
Batting: RHB Tomás Morán 0-0: Ball
1-0: Called Strike
1-1: Foul Ball, location: 2F
1-2: Ball
2-2: Strikes out swinging
Batting: RHB Hieu De 0-0: Ground out 1-3 (Groundball, 15S)
Bottom of the 3rd over - 0 run(s), 1 hit(s), 0 error(s), 1 left on base; Put-In-Bay 1 - Walla Walla 4
TOP OF THE 4TH
Put-In-Bay BC batting - Pitching for Walla Walla Walleye : RHP Orlando Ángel
Batting: RHB Ed Adams 0-0: DOUBLE (Groundball, 5L)
Batting: RHB Preston Hernández 0-0: Ball
1-0: Called Strike
1-1: Ground out 5-3 (Groundball, 56S)
Ed Adams to third
Batting: SHB Dylan Carson 0-0: Fly out, F7 (Flyball, 78M)
Runner from 3rd tags up, SCORES, no throw
Batting: RHB Eddie Davis 0-0: Foul Ball, location: 2F
0-1: Ball
1-1: Ball
2-1: Foul Ball, location: 2F
2-2: Strikes out swinging
Top of the 4th over - 1 run(s), 1 hit(s), 0 error(s), 0 left on base; Put-In-Bay 2 - Walla Walla 4
BOTTOM OF THE 4TH
Walla Walla Walleye batting - Pitching for Put-In-Bay BC : RHP Juan Montoya
Batting: RHB Jorge Arreola 0-0: Ball
1-0: Ball
2-0: Called Strike
2-1: Swinging Strike
2-2: Foul Ball, location: 2F
2-2: Ball
3-2: Base on Balls
Batting: RHB Warren Willis 0-0: Called Strike
0-1: Foul Ball, location: 2F
0-2: Strikes out swinging
Batting: RHB Fernando Gonzáles 0-0: Called Strike
Jorge Arreola is caught stealing 2nd base
0-1: Fly out, F5 (Line Drive, 5)
Bottom of the 4th over - 0 run(s), 0 hit(s), 0 error(s), 0 left on base; Put-In-Bay 2 - Walla Walla 4
TOP OF THE 5TH
Put-In-Bay BC batting - Pitching for Walla Walla Walleye : RHP Orlando Ángel
Batting: RHB Ron Johnston 0-0: Foul Ball, location: 2F
0-1: DOUBLE (Flyball, 8RM)
Batting: RHB Manuel Sánchez 0-0: Swinging Strike
0-1: Ball
1-1: Ball
2-1: Ball
3-1: Base on Balls
Batting: LHB Dale Miller 0-0: Bunted foul
0-1: Bunted foul
0-2: Foul Ball, location: 2F
0-2: Ball
1-2: Ball
2-2: Grounds into double play, U4-3 (Groundball, 4)
Ron Johnston to third
Batting: RHB Barton Nagel 0-0: Ball
1-0: Foul Ball, location: 2F
1-1: Foul Ball, location: 2F
1-2: Ball
2-2: Fly out, F8 (Flyball, 8RM)
Top of the 5th over - 0 run(s), 1 hit(s), 0 error(s), 1 left on base; Put-In-Bay 2 - Walla Walla 4
BOTTOM OF THE 5TH
Walla Walla Walleye batting - Pitching for Put-In-Bay BC : RHP Juan Montoya
Batting: LHB Ángel López 0-0: Called Strike
0-1: Ball
1-1: Called Strike
1-2: Ball
2-2: Ball
3-2: Strikes out swinging
Batting: RHB Gaston Waller 0-0: Called Strike
0-1: Foul Ball, location: 2F
0-2: Ball
1-2: Strikes out swinging
Batting: RHB Mario Piña 0-0: Called Strike
0-1: Foul Ball, location: 2F
0-2: Strikes out swinging
Bottom of the 5th over - 0 run(s), 0 hit(s), 0 error(s), 0 left on base; Put-In-Bay 2 - Walla Walla 4
TOP OF THE 6TH
Put-In-Bay BC batting - Pitching for Walla Walla Walleye : RHP Orlando Ángel
Batting: RHB Carlos Trujillo 0-0: Called Strike
0-1: Ball
1-1: Ball
2-1: Foul Ball, location: 2F
2-2: Foul Ball, location: 2F
2-2: Strikes out swinging
Batting: RHB Ed Adams 0-0: Called Strike
0-1: SINGLE (Line Drive, 8LS)
Batting: RHB Preston Hernández 0-0: Ball
1-0: Called Strike
1-1: Ball
2-1: Ball
3-1: Swinging Strike
3-2: Strikes out swinging
Batting: SHB Dylan Carson 0-0: Ball
1-0: Foul Ball, location: 2F
1-1: Ball
2-1: Foul Ball, location: 2F
2-2: Ball
3-2: Foul Ball, location: 2F
3-2: Strikes out swinging
Top of the 6th over - 0 run(s), 1 hit(s), 0 error(s), 1 left on base; Put-In-Bay 2 - Walla Walla 4
BOTTOM OF THE 6TH
Walla Walla Walleye batting - Pitching for Put-In-Bay BC : RHP Juan Montoya
Batting: LHB Miguel Zúñiga 0-0: Fly out, F8 (Flyball, 8RM)
Batting: RHB Tomás Morán 0-0: Fly out, F4 (Line Drive, 4)
Batting: RHB Hieu De 0-0: Ball
1-0: Ball
2-0: Ball
3-0: Called Strike
3-1: Swinging Strike
3-2: Strikes out swinging
Bottom of the 6th over - 0 run(s), 0 hit(s), 0 error(s), 0 left on base; Put-In-Bay 2 - Walla Walla 4
TOP OF THE 7TH
Put-In-Bay BC batting - Pitching for Walla Walla Walleye : RHP Orlando Ángel
Batting: RHB Eddie Davis 0-0: Ball
1-0: Ball
2-0: Ball
3-0: Called Strike
3-1: Base on Balls
Pitching: RHP Manuel Pader
Batting: RHB Ron Johnston 0-0: Ball
1-0: Bunted foul
1-1: Bunted foul
1-2: Ball
2-2: Strikes out swinging
Batting: RHB Manuel Sánchez 0-0: Grounds into double play, 6-4-3 (Groundball, 6)
Top of the 7th over - 0 run(s), 0 hit(s), 0 error(s), 0 left on base; Put-In-Bay 2 - Walla Walla 4
BOTTOM OF THE 7TH
Walla Walla Walleye batting - Pitching for Put-In-Bay BC : RHP Juan Montoya
Batting: RHB Jorge Arreola 0-0: Called Strike
0-1: Ball
1-1: Ball
2-1: Called Strike
2-2: Ground out 4-3 (Groundball, 4)
Batting: RHB Warren Willis 0-0: DOUBLE (Line Drive, 78M)
Batting: RHB Fernando Gonzáles 0-0: Foul Ball, location: 2F
0-1: Called Strike
Warren Willis is caught stealing 3rd base
0-2: Ball
1-2: Ground out 4-3 (Groundball, 4M)
Bottom of the 7th over - 0 run(s), 1 hit(s), 0 error(s), 0 left on base; Put-In-Bay 2 - Walla Walla 4
TOP OF THE 8TH
Put-In-Bay BC batting - Pitching for Walla Walla Walleye : RHP Manuel Pader
Batting: LHB Dale Miller 0-0: Called Strike
0-1: Ball
1-1: Called Strike
1-2: Ball
2-2: Foul Ball, location: 2F
2-2: Strikes out looking
Batting: RHB Barton Nagel 0-0: Fly out, F9 (Flyball, 89S)
Batting: RHB Carlos Trujillo 0-0: Ball
1-0: Foul Ball, location: 2F
1-1: Ball
2-1: Ball
3-1: Base on Balls
Batting: RHB Ed Adams 0-0: Ball
1-0: Called Strike
1-1: Foul Ball, location: 2F
1-2: Strikes out looking
Top of the 8th over - 0 run(s), 0 hit(s), 0 error(s), 1 left on base; Put-In-Bay 2 - Walla Walla 4
BOTTOM OF THE 8TH
Walla Walla Walleye batting - Pitching for Put-In-Bay BC : RHP Juan Montoya
Batting: LHB Ángel López 0-0: Ground out 4-3 (Groundball, 4)
Batting: RHB Gaston Waller 0-0: Ground out 1-3 (Groundball, 13S)
Batting: RHB Mario Piña 0-0: Called Strike
0-1: Ball
1-1: Ball
2-1: Fly out, F8 (Flyball, 8LM)
Bottom of the 8th over - 0 run(s), 0 hit(s), 0 error(s), 0 left on base; Put-In-Bay 2 - Walla Walla 4
TOP OF THE 9TH
Put-In-Bay BC batting - Pitching for Walla Walla Walleye : RHP Manuel Pader
Pitching: LHP Juan Peña
Batting: RHB Preston Hernández 0-0: Called Strike
0-1: Fly out, F4 (Popup, 4MD)
Batting: SHB Dylan Carson 0-0: Ball
1-0: Called Strike
1-1: Fly out, F8 (Flyball, 8LM)
Batting: RHB Eddie Davis 0-0: Ball
1-0: Ball
2-0: Swinging Strike
2-1: Ball
3-1: Base on Balls
Batting: RHB Ron Johnston 0-0: Called Strike
0-1: Swinging Strike
0-2: Foul Ball, location: 2F
0-2: Ball
1-2: SINGLE (Line Drive, 56D)
Eddie Davis to second
Pinch Hitting: RHB Jim Unknown 0-0: Called Strike
0-1: Fly out, F8 (Flyball, 8RXD)
Top of the 9th over - 0 run(s), 1 hit(s), 0 error(s), 2 left on base; Put-In-Bay 2 - Walla Walla 4
This league is powered by Out of the Park Baseball, the baseball management simulation game for PC, Mac and Linux
Friday, April 15th, 2016 - OOTP Baseball 16.9 Build 39